 Dungeon Crawl Stone Soup version 0.31-a0-819-gf6de2f5ab6 (webtiles) character file.

Game seed: 10653712103749291362

21 qw the Shooter (level 2, -3/17 HPs)
             Began as a Gargoyle Hunter on Sept 23, 2023.
             Slain by a gnoll
             ... wielding a +0 spear
              (7 damage)
             ... on level 2 of the Dungeon.
             The game lasted 00:00:16 (664 turns).

qw the Shooter (Gargoyle Hunter)                     Turns: 664, Time: 00:00:17

Health: -3/17      AC:  5    Str: 14    XL:     2   Next: 87%
Magic:  2/2        EV: 16    Int:  9    God:
Gold:   27         SH:  0    Dex: 13    Spells: 1/1 levels left

rFire   . . .        Y - +1 shortbow
rCold   . . .        (shield currently unavailable)
rNeg    + . .        c - +0 leather armour
rPois   inf          (no helmet)
rElec   +            (no cloak)
rCorr   .            (no gloves)
SInv    .            (no boots)
Will    .....        (no amulet)
Stlth   +            i - +5 ring of evasion
HPRegen 0.22/turn    (no ring)
MPRegen 0.08/turn

%: no passive effects
@: no status effects
A: sickness immunity, AC +2, negative energy resistance 1, electricity
resistance, torment resistance 1, petrification resistance
a: no special abilities


You were on level 2 of the Dungeon.
You visited 1 branch of the dungeon, and saw 2 of its levels.

You collected 27 gold pieces.


Innate Abilities, Weirdness & Mutations

You are immune to sickness and miasma.
Your stone body is resilient. (AC +2)
You are immune to poison.
You resist negative energy. (rN+)
You are resistant to electric shocks. (rElec)
You are resistant to unholy torment.
You are immune to petrification.


   Skills:
 - Level 2.1 Fighting
 + Level 4.8 Ranged Weapons
 - Level 1.5 Dodging
 - Level 1.1 Stealth


You had one spell level left.
You didn't know any spells.
Your spell library was empty.

Inventory:

Hand Weapons
 Y - a +1 shortbow (weapon)
Armour
 c - a +0 leather armour (worn)
Jewellery
 i - a +5 ring of evasion (left hand)
Scrolls
 a - 2 scrolls of identify
Potions
 j - a potion of curing

Dungeon Overview and Level Annotations

Branches:
Dungeon (2/15)

Altars:


Message History

Waypoint 1 assigned to D:2.
You now have 18 gold pieces (gained 6).
Found a stone staircase leading down.
You now have 27 gold pieces (gained 9). 2 gnolls come into view.
The gnoll shouts!
You hear an angry hiss.
You hear a shout! x2
The gnoll hits you from afar with a +0 spear.
You hear a shout!
You shoot an arrow. The arrow closely misses the gnoll.
You hear an angry hiss.
An adder comes into view.
The gnoll misses you.
656 |||
Found retreat position at 0,1 (floor) with 0 blocking monsters and 1 monsters attacking at destination at distance 1
656 ||| Stepping ~*~*~tactically~*~*~ (retreating).
You shoot an arrow. The arrow barely misses the gnoll.
You hear a shout!
You shoot an arrow. The arrow barely misses the adder.
The adder barely misses you.
You shoot an arrow. The arrow hits the adder!
The adder is severely wounded.
The adder bites you but does no damage.
You shoot an arrow. The arrow closely misses the adder.
The adder barely misses you. The gnoll closely misses you.
The adder barely misses you.
You shoot an arrow. The arrow barely misses the adder.
The gnoll hits you from afar with a +0 spear.
The adder completely misses you.
The gnoll hits you from afar with a +0 spear.
A hobgoblin comes into view.
You shoot an arrow. The arrow closely misses the adder.
The adder bites you. The adder barely misses you.
The gnoll hits you from afar with a +0 spear.
A dart slug comes into view.
You shoot an arrow. The arrow barely misses the adder.
The adder misses you.
The gnoll hits you from afar with a +0 spear.
You shoot an arrow. The arrow closely misses the adder.
The adder barely misses you.
The gnoll hits you from afar with a +0 spear!
You die...

# #. .. ###.
#.#### ....
#..#...##
#.g###..#.#..
#..g...>#.#.#
###
#S##.#.#.##...
#@##.#....#.#
#.##...(.#..#
#...........#
####.....#.##
........<.##
####.#.####
...#.# #####.#
#.#


You could see a gnoll, an adder and a hobgoblin.

Vanquished Creatures
  A dart slug (D:1)
  4 bats (D:1)
  2 endoplasms (D:1)
  2 jackals (D:1)
  A quokka (D:1)
  A ball python (D:1)
  2 frilled lizards (D:1)
  2 goblins (D:1)
  2 kobolds (D:1)
  3 rats (D:1)
20 creatures vanquished.

Notes
Turn   | Place    | Note
-------+----------+-------------------------------------------
     0 | D:1      | qw the Gargoyle Hunter began the quest for the Orb.
     0 | D:1      | Reached XP level 1. HP: 12/12 MP: 1/1
     0 | D:1      | 0 ||| qw: Version: 0.3-a-83-gcd0e7d8
     0 | D:1      | 0 ||| qw: Game counter: 1731
     0 | D:1      | 0 ||| qw: Melee chars always use a shield: true
     0 | D:1      | 0 ||| qw: God list: Okawaru
     0 | D:1      | 0 ||| qw: Allow faded altars: false
     0 | D:1      | 0 ||| qw: Do Orc after clearing Dungeon:15 true
     0 | D:1      | 0 ||| qw: Do second Lair branch before Depths: true
     0 | D:1      | 0 ||| qw: Lair rune preference: random
     0 | D:1      | 0 ||| qw: Goals: Normal
     0 | D:1      | 0 ||| PLANNING D:1-11
   159 | D:1      | Reached XP level 2. HP: 17/17 MP: 2/2
   592 | D:1      | 592 ||| UPGRADING to +5 ring of evasion.
   593 | D:1      | 593 ||| READING 4 scrolls labelled LAKOAF ISASSITO.
   594 | D:1      | 594 ||| READING scroll labelled HUEMNUPN MUGRA.
   599 | D:1      | 599 ||| READING scroll labelled VIKLOE BUAL.
   600 | D:1      | 600 ||| READING scroll labelled ZURA MUT RUORA.
   601 | D:1      | 601 ||| DRINKING 2 inky potions.
   602 | D:1      | 602 ||| DRINKING 2 amethyst potions.
   603 | D:1      | 603 ||| READING 3 scrolls of identify.
   603 | D:1      | 603 ||| IDENTIFYING fizzy black potion
   604 | D:1      | 604 ||| DROPPING scroll of butterflies.
   605 | D:1      | 605 ||| DROPPING potion of magic.
   606 | D:1      | 606 ||| DROPPING potion of brilliance.
   656 | D:2      | 656 ||| Stepping ~*~*~tactically~*~*~ (retreating).
   663 | D:2      | HP: 4/17 [gnoll/+0 spear (3)]
   664 | D:2      | Slain by a gnoll

Levels and vault maps discovered:
D:1:      lightli_arrival_statuegarden, layout_loops_cross,
          corexii_hall_statues_x, chequers_garden
D:2:      layout_loops_ring, serial_shops, nicolae_shop_statue_plus,
          corexii_corridor_pit, serial_park_tiny_1

Action                     || total
---------------------------++-------
   Fire: Shortbow          ||    53
    Use: Scroll            ||     5
         Potion            ||     2
 Armour: Leather armour    ||    13
  Dodge: Dodged            ||    19

Table legend:
 A = Non-vault XP
 B = Vault XP
 C = Vault XP percentage of total XP
 D = Non-vault monster count
 E = Vault monster count
 F = Vault count percentage of total count
                 A         B        C        D         E       F
            +---------+---------+-------+---------+---------+-------
      Total |      31 |       0 |   0.0 |      20 |       0 |   0.0
            +---------+---------+-------+---------+---------+-------
        D:1 |      31 |       0 |   0.0 |      20 |       0 |   0.0
            +---------+---------+-------+---------+---------+-------
